 Dungeon Crawl Stone Soup version 0.31-a0-246-g8cbcc1cb85 (webtiles) character file.

Game seed: 13258776736642264961

57062 Dittersdorf the Blocker (level 14, -16/96 HPs)
             Began as a Gargoyle Fighter on July 12, 2023.
             Was the Champion of Okawaru.
             Demolished by an orc knight
             ... wielding a +0 battleaxe
              (20 damage)
             ... on level 2 of the Orcish Mines.
             The game lasted 00:29:18 (20664 turns).

Dittersdorf the Blocker (Gargoyle Fighter)         Turns: 20664, Time: 00:29:18

Health: -16/96     AC: 22    Str: 24    XL:     14   Next: 84%
Magic:  0/23       EV: 15    Int: 10    God:    Okawaru [******]
Gold:   1004       SH:  8    Dex:  9    Spells: 13/13 levels left

rFire   . . .        t - +5 eveningstar (protect)
rCold   . . .        c - +1 buckler
rNeg    + . .        o - +4 scale mail of Hysteria {rElec}
rPois   ∞            (no helmet)
rElec   +            (no cloak)
rCorr   .            d - +0 pair of gloves
SInv    .            u - +0 pair of boots
Will    +....        e - amulet of guardian spirit Stlth
                     f - ring of magical power
HPRegen 0.36/turn    y - +5 ring of evasion
MPRegen 0.18/turn

%: guardian spirit
@: corroded, under a protective aura, flying
A: sickness immunity, AC +10, big wings, negative energy resistance 1,
electricity resistance, torment resistance 1, petrification resistance
a: Renounce Religion, Heroism, Finesse, Duel


You were on level 2 of the Orcish Mines.
You worshipped Okawaru.
Okawaru was exalted by your worship.
You visited 4 branches of the dungeon, and saw 18 of its levels.
You also visited: Ossuary and Bailey.

You collected 1235 gold pieces.
You spent 231 gold pieces at shops.

Inventory:

Hand Weapons
 t - a +5 eveningstar of protection (weapon)
Missiles
 B - a throwing net
Armour
 c - a +1 buckler (worn)
 d - a +0 pair of gloves (worn)
 o - the +4 scale mail of Hysteria (worn) {rElec}
   (You found it on level 6 of the Dungeon)

   rElec:     It insulates you from electricity.
 u - a +0 pair of boots (worn)
 v - +2 ice dragon scales
Magical Staves
 F - a staff of earth
Jewellery
 e - an amulet of guardian spirit (around neck)
 f - a ring of magical power (left hand)
 x - the ring of Manolaf {rN++ MP+9}
   (You found it on level 5 of the Lair of Beasts)

   [ring of magical power]

   rN:        It greatly protects you from negative energy.
   MP:        It affects your magic capacity (+9).
 y - a +5 ring of evasion (right hand)
 A - a ring of fire
Wands
 l - a wand of acid (7)
 m - a wand of mindburst (9)
 p - a wand of roots (1)
 w - a wand of flame (31)
Scrolls
 a - 4 scrolls of identify
 k - 3 scrolls of teleportation
 n - 4 scrolls of enchant armour
 r - 6 scrolls of revelation
 C - a scroll of blinking
Potions
 b - 4 potions of brilliance
 g - 10 potions of mutation
 h - 2 potions of haste
 i - 3 potions of invisibility
 j - 7 potions of heal wounds
 q - 4 potions of curing
 s - 3 potions of magic
 z - 3 potions of resistance
 D - 4 potions of enlightenment
 E - a potion of cancellation


   Skills:
 + Level 14.5 Fighting
 + Level 13.2 Maces & Flails
 + Level 14.4 Armour
 + Level 14.5 Shields


You had 13 spell levels left.
You didn't know any spells.
Your spell library contained the following spells:

 Spells                   Type           Power      Damage    Failure   Level
 Freeze                   Ice            0%         1d3       61%         1
 Shock                    Conj/Air       0%         1d3       61%         1
 Slow                     Hex            0%         N/A       61%         1
 Confusing Touch          Hex            0%         N/A       93%         3
 Frozen Ramparts          Ice            0%         1d1       93%         3
 Gell's Gravitas          Tloc           0%         N/A       93%         3
 Hailstorm                Conj/Ice       0%         3d3       93%         3
 Portal Projectile        Hex/Tloc       0%         N/A       93%         3
 Swiftness                Air            0%         N/A       93%         3
 Teleport Other           Tloc           0%         N/A       93%         3
 Vampiric Draining        Necr           0%         2d6       93%         3
 Airstrike                Air            0%         2d(0-16)  100%        4
 Iskenderun's Mystic Bla  Conj/Tloc      0%         2d3       100%        4
 Alistair's Intoxication  Tmut/Pois      0%         N/A       100%        5
 Borgnjor's Vile Clutch   Necr/Erth      0%         N/A       100%        5
 Iskenderun's Battlesphe  Conj           0%         2d6       100%        5
 Dispersal                Tloc           0%         N/A       100%        6
 Eringya's Noxious Bog    Tmut/Pois      0%         4d6       100%        6
 Leda's Unmaking          Conj/Erth      0%         9d1       100%        6
 Tukima's Dance           Hex            Unusable   N/A       N/A         3
 Spellforged Servitor     Conj/Summ      Unusable   N/A       N/A         7

Dungeon Overview and Level Annotations

Branches:
Dungeon (10/15)            Temple (1/1) D:5            Lair (5/5) D:10
 Shoals (0/4) Lair:3       Spider (0/4) Lair:3        Slime (0/5) Lair:5
    Orc (2/2) D:9             Elf (0/3) Orc:2       Ossuary (visited)
 Bailey (visited)

Altars:
Ashenzari
Cheibriados
Dithmenos
Elyvilon
Fedhas
Gozag
Hepliaklqana
Kikubaaqudgha
Makhleb
Nemelex Xobeh
Okawaru
Qazlal
Ru
Sif Muna
Trog
Uskayaw
Vehumet
Wu Jian
Xom
Yredelemnul
Zin
The Shining One
Jiyva

Shops:
D:5 ?   D:8 :   Orc:2 ![[


Innate Abilities, Weirdness & Mutations

You are immune to sickness and miasma.
Your stone body is resilient. (AC +10)
You are immune to poison.
Your large and strong wings let you fly.
You resist negative energy. (rN+)
You are resistant to electric shocks. (rElec)
You are resistant to unholy torment.
You are immune to petrification.


Message History

You closely miss something. You block something's attack.
The orc knight hits you but does no damage.
You sock something! You completely miss something.
Something hits you but does no damage. The orc knight misses you.
You sock something! Okawaru accepts your kill.
Reactivating autopickup.
You feel a bit more experienced. The orc knight barely misses you.
The orc knight attacks as you move away!
You block the orc knight's attack.
Things that are here:
a +0 dagger; a +0 robe; an orc corpse You sock the orc knight!
The orc knight is moderately wounded.
You closely miss the orc knight.
The orc knight is moderately wounded.
You block the orc knight's attack.
You hit the orc knight but do no damage.
The orc knight is moderately wounded.
The orc knight barely misses you.
You barely miss the orc knight.
The orc knight is moderately wounded.
You hit the orc knight but do no damage.
The orc knight is moderately wounded.
The orc knight misses you.
You sock the orc knight!
The orc knight is moderately wounded.
You feel like a meek peon again.
The orc knight hits you with a +0 battleaxe!
* * * LOW HITPOINT WARNING * * *
You hit the orc knight but do no damage.
The orc knight is moderately wounded.
You block the orc knight's attack.
You thump the orc knight!
The orc knight is heavily wounded.
You sock the orc knight!
The orc knight is severely wounded.
The orc knight hits you with a +0 battleaxe!!
You die...

.......)......).....##
....[.[.[........[.[.##
..[.).......#####.)[[.##
..<...........#####[[..#
....[...##.####..###)..#
.......#####..÷.÷.##...#
.......# #∩.÷...).#...##
).....## .......).))..#
.......# .....☼.@o...##
......## .......)...##
.......##...........#
........##∩.......###
.........###.....##
......#....#######
.......##.## .###..#####
..#.$..###


You could see an orc knight.

Vanquished Creatures
  A dire elephant (Lair:5)
  7 hydras
  The ghost of benadryl the Destroyer, a journeyman DEFE of Cheibriados (Lair:2)
  Erolcha (D:10)
  A catoblepas (Lair:5)
  Erica (D:10)
  5 death yaks (Lair:5)
  A deep troll shaman (Lair:5)
  A two-headed ogre (D:10)
  3 orc high priests (Orc:2)
  A skyshark (Lair:3)
  5 orc knights
  4 lindwurms (Lair:5)
  4 orc sorcerers (Orc:2)
  9 elephants
  2 black mambas
  A gargoyle (D:10)
  9 cane toads
  A water nymph (Lair:3)
  A torpor snail (Lair:1)
  2 rime drakes (Lair:3)
  An unseen horror (D:10)
  8 komodo dragons
  4 trolls
  4 polar bears
  38 blink frogs
  Prince Ribbit (D:7)
  A hornet (D:8)
  11 dream sheep
  5 culicivoras (Lair:3)
  2 shadows (D:10)
  A vampire (D:10)
  37 yaks
  A wyvern (Lair:2)
  3 basilisks
  A steam dragon (D:10)
  2 acid dragons
  2 wargs (D:9)
  7 water moccasins
  A sky beast (D:7)
  2 ice beasts (D:5)
  22 orc warriors
  6 black bears
  24 wolves
  An ogre (D:9)
  4 centaurs
  A phantom (D:6)
  3 kobold brigands
  11 bullfrogs
  5 scorpions
  A gnoll sergeant (D:8)
  5 killer bees (D:9)
  An electric eel (Lair:4)
  6 howler monkeys
  A jelly (D:5)
  3 human zombies (Ossuary)
  A centaur zombie (Ossuary)
  14 orc priests
  Natasha (thrice) (D:2)
  11 orc wizards
  3 iguanas
  5 hell rats
  3 mummies (Ossuary)
  21 gnolls
  8 adders
  A shadow imp (D:7)
  A white imp (D:6)
  An ufetubus (D:6)
  A worm (D:2)
  71 orcs
  4 bats
  5 endoplasms
  A gnoll zombie (Ossuary)
  7 goblins
  A hobgoblin (D:2)
  3 jackals (D:1)
  21 kobolds
  6 quokkas
  4 ball pythons
  2 frilled lizards
  A hobgoblin zombie (Ossuary)
  A kobold zombie (Ossuary)
  An orc zombie (Ossuary)
  A rat (D:2)
489 creatures vanquished.

Notes
Turn   | Place    | Note
-------+----------+-------------------------------------------
     0 | D:1      | Dittersdorf the Gargoyle Fighter began the quest for the
                  | Orb.
     0 | D:1      | Reached XP level 1. HP: 14/14 MP: 1/1
   207 | D:1      | Reached XP level 2. HP: 19/19 MP: 2/2
   799 | D:2      | Noticed Natasha
   805 | D:2      | Killed Natasha
   806 | D:2      | Reached XP level 3. HP: 19/24 MP: 3/3
   888 | D:2      | Reached XP level 4. HP: 27/29 MP: 4/4
  1119 | D:2      | Noticed Natasha
  1125 | D:2      | Killed Natasha
  1464 | D:2      | Noticed Natasha
  1475 | D:2      | Killed Natasha
  1476 | D:2      | Reached XP level 5. HP: 33/33 MP: 5/5
  1901 | D:3      | Found a faded altar of an unknown god.
  1932 | D:3      | Reached XP level 6. HP: 32/39 MP: 6/6
  2014 | D:3      | Found a radiant altar of Vehumet.
  2018 | D:3      | Found a glowing golden altar of the Shining One.
  2598 | D:4      | Found a white marble altar of Elyvilon.
  2640 | D:4      | Found a glowing silver altar of Zin.
  2641 | D:4      | Noticed a black bear
  2655 | D:4      | Killed a black bear
  3388 | D:5      | Entered Level 5 of the Dungeon
  3429 | D:5      | Found a staircase to the Ecumenical Temple.
  3453 | Temple   | Entered the Ecumenical Temple
  3539 | D:5      | Reached skill level 5 in Fighting
  3539 | D:5      | Reached skill level 5 in Armour
  3539 | D:5      | Reached skill level 5 in Shields
  3605 | D:5      | Found Saifeah's Magic Scroll Shoppe.
  3632 | D:5      | Reached XP level 7. HP: 41/44 MP: 7/7
  3699 | D:5      | Found a snail-covered altar of Cheibriados.
  4186 | D:6      | Reached XP level 8. HP: 51/51 MP: 8/8
  4237 | D:6      | Reached skill level 5 in Maces & Flails
  4300 | D:6      | Found an ornate altar of the Wu Jian Council.
  4341 | D:6      | Identified the +4 scale mail of Hysteria {rElec}
  4610 | D:6      | Found a sand-covered staircase.
  4616 | Ossuary  | Entered an ossuary
  4836 | D:6      | Identified the +1 robe of Poddaohy {rPois rF+}
  5294 | D:7      | Reached XP level 9. HP: 57/57 MP: 9/9
  5386 | D:7      | Found a flagged portal.
  5409 | Bailey   | Entered a bailey
  5654 | Bailey   | Noticed an orc knight
  5701 | Bailey   | HP: 1/57 [gnoll/+2 halberd of draining (6)]
  5723 | Bailey   | Killed an orc knight
  6235 | D:7      | Noticed Prince Ribbit
  6250 | D:7      | Killed Prince Ribbit
  6577 | D:8      | Found Qezoaror's Book Boutique.
  6855 | D:8      | Reached XP level 10. HP: 59/64 MP: 10/10
  7640 | D:9      | Found a staircase to the Orcish Mines.
  7842 | D:10     | Entered Level 10 of the Dungeon
  8189 | D:10     | Noticed Erica
  8210 | D:10     | Killed Erica
  8245 | D:10     | Found a staircase to the Lair.
  8413 | D:10     | Noticed a gargoyle
  8444 | D:10     | Killed a gargoyle
  8536 | D:10     | Found a hide-covered altar of Uskayaw.
  8635 | D:10     | Reached XP level 11. HP: 69/72 MP: 11/11
  8649 | D:10     | Found an iron altar of Okawaru.
  8649 | D:10     | Found an opulent altar of Gozag.
  8656 | D:10     | Became a worshipper of Warmaster Okawaru
  8789 | D:10     | Noticed a two-headed ogre
  8796 | D:10     | Killed a two-headed ogre
  8904 | D:10     | Noticed Erolcha
  8909 | D:10     | Killed Erolcha
  8910 | D:10     | Reached skill level 10 in Fighting
  8933 | D:10     | Reached skill level 10 in Shields
  8942 | D:10     | Reached skill level 10 in Armour
  9041 | D:10     | Reached * piety under Okawaru
  9803 | Lair:1   | Entered Level 1 of the Lair of Beasts
  9993 | Lair:1   | Reached ** piety under Okawaru
 10506 | Lair:1   | Reached *** piety under Okawaru
 10760 | Lair:1   | Reached XP level 12. HP: 66/80 MP: 12/12
 10863 | Lair:1   | Reached skill level 10 in Maces & Flails
 11073 | Lair:1   | Reached **** piety under Okawaru
 11662 | Lair:2   | Noticed a five-headed hydra
 11678 | Lair:2   | Killed a five-headed hydra
 11769 | Lair:2   | Reached ***** piety under Okawaru
 12109 | Lair:2   | Found a runed translucent gate.
 12109 | Lair:2   | Found a runed translucent gate.
 12109 | Lair:2   | Found a runed translucent gate.
 12111 | Lair:2   | Noticed benadryl's ghost (journeyman DEFE)
 12278 | Lair:2   | Noticed an eight-headed hydra
 12288 | Lair:2   | Killed an eight-headed hydra
 12415 | Lair:2   | Noticed an eight-headed hydra
 12424 | Lair:2   | Killed an eight-headed hydra
 12635 | Lair:2   | Reached XP level 13. HP: 72/86 MP: 13/13
 13107 | Lair:2   | Killed benadryl's ghost
 13285 | Lair:3   | Received a gift from Okawaru
 14169 | Lair:3   | Found a hole to the Spider Nest.
 15249 | Lair:4   | Received a gift from Okawaru
 15361 | Lair:4   | Reached ****** piety under Okawaru
 16299 | Lair:5   | Entered Level 5 of the Lair of Beasts
 16460 | Lair:5   | Received a gift from Okawaru
 17016 | Lair:5   | Gained mutation: Your large and strong wings let you fly.
                  | [Gargoyle growth]
 17016 | Lair:5   | Reached XP level 14. HP: 68/94 MP: 14/14
 17367 | Lair:5   | Received a gift from Okawaru
 17422 | Lair:5   | Found a snail-covered altar of Cheibriados.
 17445 | Lair:5   | Found a viscous altar of Jiyva.
 17445 | Lair:5   | Found a staircase to the Slime Pits.
 17919 | Lair:5   | Identified the ring of Manolaf {rN++ MP+9}
 17926 | Lair:5   | Identified the +1 scimitar of Eternal Night {heavy, Will++}
 18524 | Lair:5   | Received a gift from Okawaru
 18753 | Lair:5   | Noticed a dire elephant
 18779 | Lair:5   | Killed a dire elephant
 19197 | Orc:1    | Entered Level 1 of the Orcish Mines
 19387 | Orc:2    | Entered Level 2 of the Orcish Mines
 19390 | Orc:2    | Found Naugg's Distillery.
 19664 | Orc:2    | Identified the +1 robe of the Ancient Nights {rC+} (Okawaru
                  | gifted it to you on level 2 of the Orcish Mines)
 19664 | Orc:2    | Received a gift from Okawaru
 19871 | Orc:2    | Bought a potion of heal wounds for 55 gold pieces
 19871 | Orc:2    | Bought a potion of mutation for 88 gold pieces
 19871 | Orc:2    | Bought a potion of mutation for 88 gold pieces
 20298 | Orc:2    | Found a staircase to the Elven Halls.
 20624 | Orc:2    | Found Roach's Armour Shoppe.
 20624 | Orc:2    | Found Oludgh Leism's Antique Armour Boutique.
 20661 | Orc:2    | HP: 3/96 [orc knight/+0 battleaxe (10)]
 20664 | Orc:2    | Demolished by an orc knight

Illustrated notes

Levels and vault maps discovered:
D:1:      enne_arrival_octagon_isle, layout_basic
D:2:      layout_basic, uniq_natasha
D:3:      layout_basic, chequers_temple_overflow_statue_of_worship,
          dreamdust_ecumenical_altar_statues, glass_columns_b,
          grunt_decor_arrowhead
D:4:      layout_loops_cross, mainiacjoe_overflow_catch_the_wave
D:5:      layout_rooms, lemuel_crystal_altar, minmay_temple_entry_ruins,
          serial_shops, shop_scrolls, corexii_leaking_fountain,
          nicolae_kite_square_tiling_tiny
D:6:      layout_loops_ring, mainiacjoe_overflow_brackets,
          nicolae_ossuary_entry_plus
D:7:      layout_basic, enter_bailey_7, uniq_prince_ribbit1
D:8:      layout_rooms, serial_shops, nicolae_shop_gibbet_a_chance
D:9:      layout_big_octagon, orc_0_dummy
D:10:     minmay_bubble_buster, layout_long_grid,
          amethyst_overflow_temple_binary, nicolae_uskayaw_dance_studio,
          nicolae_elevator_lobby_plus, uniq_erolcha, uniq_erica
Temple:   nicolae_temple_ecumenical_triangle
Lair:1:   layout_cave_pods
Lair:2:   layout_gridlike, ebering_ghost_rock_garden, lemuel_fruit_tree,
          serial_bayou_shore_b
Lair:3:   layout_small_grid, nicolae_shoals_entry_flooding,
          hellmonk_spider_entry_life_and_decay, grunt_megastairs_2,
          serial_bayou_shore_a, lemuel_fruit_fields
Lair:4:   layout_gridlike, beast_lair_carwin_1
Lair:5:   grunt_lair_end_beastmaster, layout_layer_cave,
          dpeg_slime_entry_corner, basic_altar, minivault_19,
          minmay_lindwurm_lava
Orc:1:    layout_caves, mines3_lemuel
Orc:2:    grunt_orc_tribal_feast, layout_caves, serial_shops, shop, basic_altar,
          minmay_orc_temple_a

Skill      XL: |  1  2  3  4  5  6  7  8  9 10 11 12 13 14 |
---------------+-------------------------------------------+-----
Fighting       | 4 5 7 8 9 11 12 13 14 | 14.5
Armour         | 4 5 6 8 9 10 12 13 14 | 14.4
Shields        | 4 5 6 8 9 10 12 13 14 | 14.5
Maces & Flails | 3 4 5 7 8 9 11 12 13 | 13.2

Action                     |  1- 3 |  4- 6 |  7- 9 | 10-12 | 13-15 || total
---------------------------+-------+-------+-------+-------+-------++-------
  Melee: Flail             |    89 |   163 |       |       |       ||   252
         Morningstar       |       |    28 |   391 |   848 |   696 ||  1963
         Eveningstar       |       |       |       |       |   433 ||   433
 Invoke: Heroism           |       |       |       |       |     2 ||     2
    Use: Scroll            |       |    11 |     8 |     7 |     5 ||    31
         Potion            |       |       |     8 |     3 |       ||    11
 Armour: Scale mail        |    60 |   121 |   287 |   654 |   716 ||  1838
  Dodge: Dodged            |    58 |    93 |   240 |   873 |   938 ||  2202
  Block: Buckler           |    29 |    35 |   149 |   424 |   575 ||  1212

Table legend: (Time is in decaauts)
 A = Elapsed time spent in this place.
 B = Non-inter-level travel time spent in this place.
 C = Inter-level travel time spent in this place.
 D = Time resting spent in this place.
 E = Time spent auto-exploring this place.
 F = Levels seen in this place.
 G = Mean time per level.
                   A        B        C        D        E       F      G
               +--------+--------+--------+--------+--------+-----+--------+
         Total |  20818 |  20128 |    690 |   3361 |  11685 |  20 | 1040.9 |
       Dungeon |   9228 |   8763 |    465 |   1118 |   5304 |  10 |  922.8 |
        Temple |     75 |     75 |      0 |      0 |     64 |   1 |   75.0 |
          Lair |   9332 |   9122 |    210 |   1767 |   5351 |   5 | 1866.4 |
  Orcish Mines |   1393 |   1379 |     14 |    469 |    545 |   2 |  696.5 |
       Ossuary |    227 |    227 |      0 |      7 |     62 |   1 |  227.0 |
        Bailey |    561 |    561 |      0 |      0 |    358 |   1 |  561.0 |
               +--------+--------+--------+--------+--------+-----+--------+

Top non-repeatable levels by time:
  Lair:5: 2307 daAuts
  Lair:1: 1906 daAuts
  Lair:4: 1871 daAuts
  Lair:3: 1776 daAuts
  Lair:2: 1470 daAuts
    D:10: 1447 daAuts
     D:8: 975 daAuts
     D:3: 952 daAuts
     D:9: 950 daAuts
   Orc:2: 949 daAuts
     D:6: 902 daAuts
     D:4: 897 daAuts
     D:2: 855 daAuts
     D:7: 791 daAuts
     D:1: 785 daAuts
